 Dungeon Crawl Stone Soup version 0.29-a0-563-g64e4043184 (webtiles) character file.

Game seed: 6974849316964768159

749 frimble the Skirmisher (level 8, 0/58 (70) HPs)
             Began as a Meteoran Fighter on June 12, 2022.
             Slain by a wight
             ... wielding a +0 battleaxe
              (1 damage)
             ... on level 5 of the Dungeon.
             The game lasted 00:04:00 (2226 turns).

frimble the Skirmisher (Meteoran Fighter)           Turns: 2226, Time: 00:04:01

HP:   0/58 (70)     AC:  9    Str: 17    XL:     8   Next: 27%
MP:   9/9           EV: 11    Int: 12    God:
Gold: 104           SH:  6    Dex: 17    Spells: 7/7 levels left

rFire   . . .      SeeInvis .   g - +2 dagger (elec)
rCold   . . .      Faith    .   c - +0 buckler
rNeg    . . .      Spirit   .   u - +4 ring mail of Dowdy Satisfaction {Dex+3}
rPois   .          Reflect  .   (helmet restricted)
rElec   .          Harm     .   h - +0 cloak
rCorr   .          Rampage  .   (no gloves)
Will    +....                   i - +0 pair of boots
Stlth   ..........              s - amulet of regeneration
HPRegen 0.99/turn               (no ring)
MPRegen 0.11/turn               (no ring)

@: brilliant, silenced, glowing, heavily drained
A: sense surroundings 1, otherworldly, glowing, explore regen, beak, deformed
body
a: no special abilities


You were on level 5 of the Dungeon.
You visited 1 branch of the dungeon, and saw 5 of its levels.

You collected 153 gold pieces.
You spent 49 gold pieces at shops.

Inventory:

Hand Weapons
 a - a +0 war axe
 g - a +2 dagger of electrocution (weapon)
Missiles
 o - 2 throwing nets (quivered)
 p - 3 javelins
Armour
 c - a +0 buckler (worn)
 h - a +0 cloak (worn)
 i - a +0 pair of boots (worn)
 j - a +0 chain mail
 u - the +4 ring mail of Dowdy Satisfaction (worn) {Dex+3}
   (You found it on level 4 of the Dungeon)

   Dex:       It affects your dexterity (+3).
Jewellery
 n - a ring of flight
 s - an amulet of regeneration (around neck)
Scrolls
 l - 4 scrolls of teleportation
 q - a scroll of amnesia
 r - a scroll of enchant weapon
Potions
 b - a potion of degeneration {unknown}
 d - 3 potions of might
 e - 3 potions of lignification {unknown}
 f - a potion of mutation
 k - 2 potions of curing {unknown}
 m - 2 potions of brilliance


   Skills:
 + Level 6.1 Fighting
 + Level 4.7 Short Blades
 - Level 2.7 Axes
 - Level 4.0 Armour
 + Level 3.0 Dodging
 - Level 6.0 Shields


You had 7 spell levels left.
You didn't know any spells.
Your spell library contained the following spells:

 Spells                   Type           Power      Damage    Failure   Level
 Sting                    Tmut/Pois      0%         1d3       58%         1
 Poisonous Vapours        Pois/Air       0%         N/A       75%         2
 Cause Fear               Hex            0%         N/A       100%        4
 Olgreb's Toxic Radiance  Pois           0%         N/A       100%        4
 Dragon Form              Tmut           0%         N/A       100%        7
 Dragon's Call            Summ           0%         N/A       100%        9


Dungeon Overview and Level Annotations

Branches:
Dungeon (5/15)
 Temple: D:4-7

Altars:

Shops:
D:3 *


Innate Abilities, Weirdness & Mutations

You passively map a small area around you.
You are easily found by Zot.
You glow in the dark.
You regain HP and MP as you explore.
You have a beak for a mouth.
Armour fits poorly on your strangely shaped body.


Message History

You barely miss the wight. The wight hits you with a +0 battleaxe.
The wight hits you but does no damage.
You hit the wight but do no damage. The wight hits you with a +0 battleaxe!
The wight hits you with a +0 long sword!
You feel drained.
You hit the wight.
The wight is almost destroyed.
The wight hits you with a +0 battleaxe!
* * * LOW HITPOINT WARNING * * *
You feel drained.
* * * LOW HITPOINT WARNING * * *
The wight hits you with a +0 long sword.
* * * LOW HITPOINT WARNING * * *
You feel drained.
* * * LOW HITPOINT WARNING * * *
You hit the wight.
The wight is almost destroyed.
The wight barely misses you.
The wight hits you with a +0 long sword!
* * * LOW HITPOINT WARNING * * *
You don't know any spells.
You aren't carrying any items that you can evoke.
Unknown command.
As you read the scroll labelled DUIKEB HICIQAS, it crumbles to dust.
A profound silence engulfs you.
It was a scroll of silence.
The wight hits you with a +0 battleaxe.
* * * LOW HITPOINT WARNING * * *
The wight hits you but does no damage.
Okay, then.
You block the wight's attack.
It was a potion of mutation.
You feel extremely strange.
Your body twists and deforms.
Your mouth lengthens and hardens into a beak!
You block the wight's attack.
It was a potion of brilliance.
You feel clever all of a sudden. The wight hits you with a +0 battleaxe.
* * * LOW HITPOINT WARNING * * *
You feel drained.
You die...

## *#.#
###.#
*.#######..#
, *
#........##
, , * * *
##...#* , *
* #...#.#, ,
##.@##.# , ,
,*
##z#####.# ,
* *
#zz.....# *
, *
#.#######
##'## , , *
##...## , *
, *
##.....## ,
#.....<.# *
*
#.........#
* ,,


You could see 3 wights.

Vanquished Creatures
  Sigmund (D:2)
  A phantom (D:4)
  A necrophage (D:4)
  A scorpion (D:4)
  2 wights (D:5)
  A hound (D:4)
  A jelly (D:5)
  An iguana (D:4)
  2 orc wizards
  6 gnolls
  2 adders (D:2)
  3 dart slugs
  11 orcs
  7 ball pythons
  6 bats
  4 endoplasms
  2 giant cockroaches
  9 hobgoblins
  2 jackals (D:3)
  6 kobolds
  A quokka (D:1)
  4 frilled lizards
  3 goblins
  5 rats
82 creatures vanquished.

Notes
Turn   | Place    | Note
-------+----------+-------------------------------------------
     0 | D:1      | frimble the Meteoran Fighter began the quest for the Orb.
     0 | D:1      | Reached XP level 1. HP: 19/19 MP: 2/2
   222 | D:1      | Reached XP level 2. HP: 26/26 MP: 3/3
   465 | D:1      | Reached XP level 3. HP: 26/31 MP: 4/4
   787 | D:2      | Reached skill level 1 in Short Blades
   831 | D:2      | Reached XP level 4. HP: 39/40 MP: 5/5
   901 | D:2      | Noticed Sigmund
   915 | D:2      | Killed Sigmund
   916 | D:2      | Reached skill level 5 in Shields
   916 | D:2      | Reached XP level 5. HP: 34/47 MP: 6/6
   916 | D:2      | Reached XP level 6. HP: 40/55 MP: 7/7
  1088 | D:2      | Glimpsed the power of Zot.
  1138 | D:2      | Glimpsed the power of Zot.
  1403 | D:3      | Found Nugoi's Assorted Antiques.
  1407 | D:3      | Reached skill level 5 in Fighting
  1428 | D:3      | Bought a scroll labelled CUASOQIENU for 26 gold pieces
  1428 | D:3      | Bought a fuming orange potion for 23 gold pieces
  1466 | D:3      | Reached XP level 7. HP: 57/61 MP: 8/8
  1914 | D:4      | Reached skill level 1 in Dodging
  2118 | D:4      | Identified the +4 ring mail of Dowdy Satisfaction {Dex+3}
  2135 | D:4      | Reached XP level 8. HP: 63/70 MP: 9/9
  2187 | D:5      | Entered Level 5 of the Dungeon
  2221 | D:5      | HP: 2/59 [wight/+0 long sword (7)]
  2225 | D:5      | Gained mutation: Armour fits poorly on your strangely
                  | shaped body. [potion of mutation]
  2225 | D:5      | Gained mutation: You have a beak for a mouth. [potion of
                  | mutation]
  2226 | D:5      | HP: 1/59 [wight/+0 battleaxe (3)]
  2226 | D:5      | Slain by a wight

Illustrated notes

Levels and vault maps discovered:
D:1:      dpeg_arrival_short_road, layout_loops_cross,
          amcnicky_mini_rare_corridor_liquid
D:2:      layout_loops_corners, uniq_sigmund
D:3:      layout_loops_ring, serial_shops, nicolae_shop_overgrown_old_shop,
          kennysheep_generic_room_10
D:4:      layout_basic, general_overflow_altar, nrook_mini_backslash
D:5:      layout_loops_corners, kennysheep_ying_yang, serial_shops,
          nicolae_shop_stone, uniq_crazy_yiuf_cottage, uniq_ijyb

Skill      XL: |  1  2  3  4  5  6  7  8 |
---------------+-------------------------+-----
Armour         | 4 |  4.0
Shields        | 4 5 6 |  6.0
Short Blades   | 1 3 4 |  4.7
Fighting       | 4 5 6 |  6.1
Dodging        | 2 3 |  3.0
Axes           | |  2.7

Action                   |  1- 3 |  4- 6 |  7- 9 || total
-------------------------+-------+-------+-------++-------
Melee: War axe           |    30 |       |       ||    30
       Dagger            |    47 |   112 |   125 ||   284
  Use: Scroll            |       |     3 |     2 ||     5
       Potion            |       |       |     2 ||     2
Armor: Scale mail        |    38 |       |       ||    38
       Chain mail        |    13 |    58 |    53 ||   124
       Ring mail         |       |       |     2 ||     2
Dodge: Dodged            |    32 |    23 |    25 ||    80
Block: Buckler           |    24 |    24 |    23 ||    71

Table legend: (Time is in decaauts)
 A = Elapsed time spent in this place.
 B = Non-inter-level travel time spent in this place.
 C = Inter-level travel time spent in this place.
 D = Time resting spent in this place.
 E = Time spent auto-exploring this place.
 F = Levels seen in this place.
 G = Mean time per level.
                   A        B        C        D        E       F      G
               +--------+--------+--------+--------+--------+-----+--------+
         Total |   2208 |   1963 |    245 |      0 |   1340 |   5 |  441.6 |
       Dungeon |   2208 |   1963 |    245 |      0 |   1340 |   5 |  441.6 |
               +--------+--------+--------+--------+--------+-----+--------+

Top non-repeatable levels by time:
     D:1: 674 daAuts
     D:4: 526 daAuts
     D:2: 488 daAuts
     D:3: 483 daAuts
     D:5: 35 daAuts
